cohdb
Replays
Latest Replays
All Replays
Popular Replays
Top Player Replays
Match Explorer
How It Works
Community
CoH3 Stats
Reddit
Sign in to upload your games and track your stats! →
Sign in with Steam
Match 43640633
Unlisted
Match 43640633
Overview
Messages
Build Orders
End
Construct Weapon Support Center
Construct Barracks
Selects Heavy Weapons
Riflemen Squad
Riflemen Squad
1⁄4-ton 4x4 Truck
Riflemen Squad
Infantry Support Center
Selects Assault Carriers
Construct Motor Pool
M8 Greyhound Armored Car
Engineer Squad
Selects Halftrack Strongpoints
Grenade Package
M1 Mortar Team
M8 Greyhound Armored Car
M1 Mortar Team
M1918 Browning Automatic Rifles
Survival Training
Riflemen Squad
M24 Chaffee Light Tank
M24 Chaffee Light Tank
Symbiosis
CAuMOH
Menty
Ermac[Pointrunner]
0
0
Comments
sign in to comment!
No comments posted yet!